 Dungeon Crawl Stone Soup version 0.31-a0-1025-g2e47921a08 (webtiles) character file.

Game seed: 13576441306356277700

2734 Turgor the Mimic (level 9, -8/75 HPs)
             Began as a Black Draconian Shapeshifter on Nov 17, 2023.
             Was a Priest of Ru.
             Mangled by a cyclops (24 damage)
             ... on level 7 of the Dungeon.
             The game lasted 00:26:07 (5674 turns).

Turgor the Mimic (Black Draconian Shapeshifter)     Turns: 5674, Time: 00:26:08

Health: -8/75      AC:  7    Str: 18    XL:     9   Next: 40%
Magic:  9/9        EV: 14    Int: 10    God:    Ru [***...]
Gold:   383        SH:  0    Dex: 14    Spells: 8/8 levels left

rFire   . .          .
                       - Unarmed
rCold   + . .        (shield unavailable)
rNeg    . . .        (body armour unavailable)
rPois   .            (helmet currently unavailable)
rElec   +            (cloak currently unavailable)
rCorr   .            (gloves currently unavailable)
SInv    .            (boots currently unavailable)
Will    .....        E - amulet of faith
Stlth   +            (ring unavailable)
HPRegen 0.32/turn    v - ring of protection from cold
MPRegen 0.11/turn

%: faith
@: beast-form, hasted, very quick
A: beast (slay +4), breathe lightning, AC +7, unfitting armour, electricity
resistance, cold-blooded, missing a hand
a: Breathe Lightning, Begin Untransformation, Renounce Religion, Draw Out Power


You were on level 7 of the Dungeon.
You worshipped Ru.
Ru was most pleased with you.
You were a hulking beast.
You visited 2 branches of the dungeon, and saw 8 of its levels.

You collected 383 gold pieces.

Inventory:

Missiles
 B - 6 poisoned darts (quivered)
 D - a throwing net
Armour
 a - a +2 cloak of poison resistance
 A - a +0 pair of boots
 C - a +1 pair of gloves
Magical Staves
 s - a staff of cold
Jewellery
 d - a ring of flight
 g - a +6 ring of intelligence
 n - a +6 ring of intelligence
 o - a +6 ring of strength
 u - an amulet of regeneration
 v - a ring of protection from cold (right hand)
 E - an amulet of faith (around neck)
Talismans
 b - a beast talisman
 c - a flux talisman
 y - a blade talisman
Wands
 x - a wand of flame (16)
 G - a wand of charming (11)
Scrolls
 f - a scroll of torment {unknown}
 h - a scroll of enchant weapon {unknown}
 k - a scroll of teleportation
 l - 6 scrolls of identify
 m - a scroll of fear
 p - a scroll of blinking {unknown}
 q - a scroll of amnesia {unknown}
 t - 2 scrolls of noise {unknown}
 w - a scroll of fog {unknown}
 H - a scroll of silence {unknown}
Potions
 i - 3 potions of curing
 j - 3 potions of mutation
 r - 2 potions of attraction
 z - a potion of lignification
 F - a potion of enlightenment {unknown}


   Skills:
 + Level 6.3 Fighting
 + Level 5.5 Dodging
 + Level 6.5 Unarmed Combat
 * Level 8.1 Shapeshifting


You had 8 spell levels left.
You didn't know any spells.
Your spell library contained the following spells:

 Spells                   Type           Power      Damage    Failure   Level
 Freeze                   Ice            0%         1d3       36%         1
 Slow                     Hex            0%         N/A       36%         1
 Sting                    Tmut/Pois      0%         1d3       36%         1
 Poisonous Vapours        Pois/Air       0%         N/A       50%         2
 Confusing Touch          Hex            0%         N/A       75%         3
 Frozen Ramparts          Ice            0%         1d1       75%         3
 Hailstorm                Conj/Ice       0%         3d3       75%         3
 Sigil of Binding         Hex            0%         N/A       75%         3
 Vampiric Draining        Necr           0%         2d6       75%         3
 Olgreb's Toxic Radiance  Pois           0%         N/A       98%         4


Dungeon Overview and Level Annotations

Branches:
Dungeon (7/15)             Temple (1/1) D:5

Altars:
Ashenzari
Cheibriados
Dithmenos
Elyvilon
Fedhas
Gozag
Hepliaklqana
Kikubaaqudgha
Makhleb
Qazlal
Ru
Trog
Wu Jian
Xom
Zin
The Shining One


Innate Abilities, Weirdness & Mutations

You are a hulking beast.
Your limbs bulge with bestial killing power. (Slay +4)
You can breathe wild blasts of lightning.
Your glossy black scales are hard. (AC +7)
You cannot fit into any form of body armour.
You are resistant to electric shocks. (rElec)
You are cold-blooded and may be slowed by cold attacks.
You are missing a hand.


Message History

Okay, then.
Okay, then.
The shadow imp shouts!
You punch the shadow imp!
Your tail-slap misses the shadow imp.
The shadow imp is almost dead.
The shadow imp hits you.
You hit the shadow imp.
You kill the shadow imp!
You punch the water moccasin! You tail-slap the water moccasin.
The water moccasin is heavily wounded.
The water moccasin bites you but does no damage.
The water moccasin barely misses you.
You punch the water moccasin!
You tail-slap the water moccasin, but do no damage.
The water moccasin is almost dead.
The water moccasin closely misses you.
You punch the water moccasin!
You kill the water moccasin!
Okay, then.
You feel yourself speed up.
The cyclops throws a large rock.
The large rock hits you!!!
You see here a water moccasin corpse.
You hit the cyclops but do no damage.
The cyclops is stunned by your conviction and fails to attack.
You punch the cyclops!
You tail-slap the cyclops, but do no damage.
The cyclops is lightly wounded.
You hit the cyclops.
The cyclops is moderately wounded.
The cyclops hits you!!
* * * LOW HITPOINT WARNING * * *
You focus your inner power and illuminate the cyclops in retribution!
You punch the cyclops!
The cyclops is heavily wounded.
You punch the cyclops! You tail-slap the cyclops.
The cyclops is severely wounded.
You punch the cyclops!
The cyclops is almost dead.
The cyclops hits you!!
You die...

#.#.#....................##.
#.#.#...>..#####...#####.##.
#.#.##.#.### #...# #.##.
#.#.##.#.# ##### #.##.
#.#.##.#.# #.#.<
#####.#.##...# #.###
#........#.########## #.#
#......#.#.# #.C##..#
####.###
#..........###.h##..##
#.......
#..........#=(##..##.#
#.[....(
#.........##$S##..##.#
#.......
#.........##########.#
#.......
#.........##....####.#
#.......
#.........#.####....##
#....... #.........#.#
#################
#.###.#.#.#.# #†.'....#
#.....#...#.####..#.88.#


You could see a cyclops (corona).

Vanquished Creatures
  A komodo dragon (D:6)
  A steam dragon (D:7)
  A water moccasin (D:7)
  5 black bears
  2 ice beasts
  A sky beast (D:7)
  An ogre (D:6)
  A centaur (D:5)
  2 phantoms
  A bullfrog (D:6)
  A gnoll sergeant (D:6)
  A scorpion (D:6)
  4 wights (D:7)
  3 hounds
  Crazy Yiuf (D:3)
  A gnoll bouda (D:4)
  2 orc priests (D:4)
  2 jellies
  Natasha (twice) (D:3 D:4)
  3 iguanas
  5 orc wizards
  11 gnolls
  5 adders
  2 shadow imps (D:7)
  4 ufetubi
  2 worms
  3 dart slugs
  14 orcs
  5 bats
  9 endoplasms
  5 giant cockroaches
  5 goblins
  7 hobgoblins
  3 jackals (D:3)
  8 quokkas
  12 ball pythons
  4 frilled lizards
  5 kobolds
  6 rats
151 creatures vanquished.

Vanquished Creatures (others)
  A wight (D:7)
1 creature vanquished.

Grand Total: 152 creatures vanquished

Notes
Turn   | Place    | Note
-------+----------+-------------------------------------------
     0 | D:1      | Turgor the Draconian Shapeshifter began the quest for the
                  | Orb.
     0 | D:1      | Reached XP level 1. HP: 16/16 MP: 1/1
   237 | D:1      | Reached XP level 2. HP: 23/23 MP: 2/2
   836 | D:2      | Reached XP level 3. HP: 29/29 MP: 3/3
  1117 | D:2      | Found a faded altar of an unknown god.
  1244 | D:2      | Reached XP level 4. HP: 36/36 MP: 4/4
  1504 | D:3      | Noticed Natasha
  1522 | D:3      | Killed Natasha
  1683 | D:3      | You fall into a shaft and drop 3 floors!
  1684 | D:6      | Noticed a black bear
  1785 | D:6      | Reached skill level 4 in Shapeshifting
  1800 | D:5      | Entered Level 5 of the Dungeon
  1820 | D:5      | Reached XP level 5. HP: 31/42 MP: 5/5
  1874 | D:5      | Found a staircase to the Ecumenical Temple.
  1888 | Temple   | Entered the Ecumenical Temple
  1897 | Temple   | Became a worshipper of Ru the Awakened
  1944 | D:5      | Noticed a centaur
  1956 | D:5      | Killed a centaur
  2002 | D:5      | Noticed an ice beast
  2039 | D:4      | Reached XP level 6. HP: 39/51 MP: 6/6
  2113 | D:3      | Noticed Natasha
  2139 | D:4      | Killed Natasha
  2329 | D:3      | Found a runed translucent door.
  2330 | D:3      | Noticed Crazy Yiuf
  2337 | D:3      | Killed Crazy Yiuf
  2409 | D:3      | Reached skill level 5 in Shapeshifting
  2589 | D:4      | Your scales start taking on a glossy black colour.
  2589 | D:4      | Reached XP level 7. HP: 53/57 MP: 7/7
  2589 | D:4      | Gained mutation: You are resistant to electric shocks.
                  | (rElec) [Black Draconian growth]
  2962 | D:5      | Gained mutation: You are missing a hand. [Ru sacrifice]
  2962 | D:5      | Reached * piety under Ru
  2962 | D:5      | Reached ** piety under Ru
  2962 | D:5      | Reached *** piety under Ru
  3074 | D:4      | Found a bloodstained altar of Trog.
  3148 | D:4      | Found an opulent altar of Gozag.
  3352 | D:5      | Reached skill level 5 in Unarmed Combat
  3565 | D:5      | Reached skill level 6 in Shapeshifting
  3715 | D:6      | Reached XP level 8. HP: 61/67 MP: 8/8
  3744 | D:6      | Noticed a komodo dragon
  3763 | D:6      | Killed a komodo dragon
  3868 | D:6      | Reached skill level 5 in Fighting
  4002 | D:6      | Reached skill level 7 in Shapeshifting
  4418 | D:7      | Reached skill level 5 in Dodging
  4425 | D:7      | Found a blossoming altar of Fedhas.
  4482 | D:7      | Reached XP level 9. HP: 64/73 MP: 9/9
  4533 | D:7      | Found an ornate altar of the Wu Jian Council.
  5533 | D:7      | Reached skill level 8 in Shapeshifting
  5616 | D:7      | Noticed a cyclops
  5674 | D:7      | Mangled by a cyclops

Illustrated notes

Levels and vault maps discovered:
D:1:      grunt_arrival_lava_bath, layout_loops_cross
D:2:      layout_rooms, basic_ecumenical_altar
D:3:      layout_basic, uniq_natasha, uniq_crazy_yiuf_cottage
D:4:      layout_loops_cross, kennysheep_mini, trog_butcher_becter
D:5:      layout_rooms, minmay_temple_entry_antechambers
D:6:      layout_loops_ring
D:7:      minmay_chambers_of_fours, layout_basic, fedhas_altar_fruit_tree,
          lemuel_crystal_altar
Temple:   hellmonk_temple_two_chambers

Skill      XL: |  1  2  3  4  5  6  7  8  9 |
---------------+----------------------------+-----
Dodging        | 2 3 4 5 |  5.5
Fighting       | 2 3 4 5 6 |  6.3
Shapeshifting  | 4 5 6 7 8 |  8.1
Unarmed Combat | 4 5 6 |  6.5

Action                     |  1- 3 |  4- 6 |  7- 9 || total
---------------------------+-------+-------+-------++-------
  Melee: Unarmed           |   112 |   147 |   257 ||   516
         Tailslap          |    11 |    18 |    46 ||    75
         Punch             |     3 |     6 |     2 ||    11
  Throw: Dart              |       |       |     6 ||     6
 Invoke: Sacrifice a Hand  |       |       |     1 ||     1
Ability: Breathe Lightning |       |       |     5 ||     5
    Use: Potion            |     1 |     2 |     1 ||     4
         Scroll            |       |     2 |     2 ||     4
   Stab: Sleeping          |     1 |       |     1 ||     2
         Distracted        |       |       |     1 ||     1
 Armour: Skin              |    71 |    87 |   156 ||   314
  Dodge: Dodged            |    84 |    82 |   138 ||   304

Table legend: (Time is in decaauts)
 A = Elapsed time spent in this place.
 B = Non-inter-level travel time spent in this place.
 C = Inter-level travel time spent in this place.
 D = Time resting spent in this place.
 E = Time spent auto-exploring this place.
 F = Levels seen in this place.
 G = Mean time per level.
                   A        B        C        D        E       F      G
               +--------+--------+--------+--------+--------+-----+--------+
         Total |   5621 |   5427 |    194 |    420 |   3569 |   8 |  702.6 |
       Dungeon |   5603 |   5417 |    186 |    420 |   3569 |   7 |  800.4 |
        Temple |     18 |     10 |      8 |      0 |      0 |   1 |   18.0 |
               +--------+--------+--------+--------+--------+-----+--------+

Top non-repeatable levels by time:
     D:7: 1283 daAuts
     D:1: 890 daAuts
     D:4: 797 daAuts
     D:6: 795 daAuts
     D:2: 685 daAuts
     D:5: 654 daAuts
     D:3: 496 daAuts
  Temple: 18 daAuts
